 Dungeon Crawl Stone Soup version 0.30.1-3-gfc49f6343a (webtiles) character file.

Game seed: 8635235736571669264

13148 Cheops the Grappler (level 11, -8/111 HPs)
             Began as a Troll Fighter on July 21, 2023.
             Was an Initiate of Wu Jian.
             Mangled by a white ugly thing (28 damage)
             ... on level 11 of the Dungeon.
             The game lasted 00:27:14 (8533 turns).

Cheops the Grappler (Troll Fighter)                 Turns: 8533, Time: 00:27:15

Health: -8/111     AC: 16    Str: 26    XL:     11   Next: 71%
Magic:  10/10      EV:  9    Int:  8    God:    Wu Jian [......]
Gold:   630        SH: 10    Dex:  9    Spells: 10/10 levels left

rFire   x x          .
                       - Unarmed
rCold   x x .        b - +0 kite shield
rNeg    . . .        r - +0 steam dragon scales
rPois   +            (helmet restricted)
rElec   .            B - +0 cloak
rCorr   .            (gloves unavailable)
SInv    .            (boots unavailable)
Will    .....        g - amulet of Elemental Vulnerability {rPois rF-- rC-- AC+8}
Stlth   +            (no ring)
HPRegen 1.18/turn    (no ring)
MPRegen 0.12/turn

%: no passive effects
@: no status effects
A: large, unfitting armour, claws 3, regeneration 1, shaggy fur 1, tough skin 1
a: Renounce Religion


You were on level 11 of the Dungeon.
You worshipped Wu Jian.
Wu Jian was noncommittal.
You visited 2 branches of the dungeon, and saw 12 of its levels.

You collected 630 gold pieces.

Inventory:

Armour
 a - a +0 robe
 b - a +0 kite shield (worn)
 q - a +1 robe of willpower
 r - +0 steam dragon scales (worn)
 B - a +0 cloak (worn)
Jewellery
 g - the amulet of Elemental Vulnerability (around neck) {rPois rF-- rC-- AC+8}
   (You found it on level 2 of the Dungeon)

   [amulet of nothing]

   AC:        It affects your AC (+8).
   rF:        It makes you very vulnerable to fire.
   rC:        It makes you very vulnerable to cold.
   rPois:     It protects you from poison.
 k - an amulet of faith
Wands
 f - a wand of acid (1)
 w - a wand of charming (2)
 y - a wand of iceblast (15)
Scrolls
 h - 2 scrolls of blinking
 j - a scroll of enchant weapon
 l - 3 scrolls of immolation
 m - 2 scrolls of teleportation
 o - a scroll of fog {unknown}
 p - 2 scrolls of amnesia {unknown}
 s - a scroll of poison {unknown}
 v - 2 scrolls of noise {unknown}
 x - a scroll of fear
 z - a scroll of vulnerability
 A - 2 scrolls of magic mapping
 C - a scroll of enchant armour
Potions
 c - 7 potions of might
 d - 4 potions of heal wounds
 e - 9 potions of curing
 i - 2 potions of flight
 n - 2 potions of mutation {unknown}
 t - 2 potions of lignification
 u - a potion of attraction {unknown}
 D - a potion of brilliance {unknown}
 E - a potion of magic {unknown}
 F - 2 potions of invisibility {unknown}


   Skills:
 + Level 7.8 Fighting
 - Level 2.4 Dodging
 + Level 8.5 Shields
 * Level 14.5 Unarmed Combat


You had 10 spell levels left.
You didn't know any spells.
Your spell library contained the following spells:

 Spells                   Type           Power      Damage    Failure   Level
 Freeze                   Ice            0%         1d3       58%         1
 Kiss of Death            Conj/Necr      0%         2d5       58%         1
 Magic Dart               Conj           0%         1d3       58%         1
 Shock                    Conj/Air       0%         1d3       58%         1
 Blink                    Tloc           0%         N/A       75%         2
 Lesser Beckoning         Tloc           0%         N/A       75%         2
 Momentum Strike          Conj/Tloc      0%         3d8       75%         2
 Confusing Touch          Hex            0%         N/A       92%         3
 Frozen Ramparts          Ice            0%         1d1       92%         3
 Hailstorm                Conj/Ice       0%         3d3       92%         3
 Ignite Poison            Fire/Tmut/Pois 0%         N/A       92%         3
 Ozocubu's Armour         Ice            0%         N/A       92%         3
 Portal Projectile        Hex/Tloc       0%         N/A       92%         3
 Swiftness                Air            0%         N/A       92%         3
 Tukima's Dance           Hex            0%         N/A       92%         3
 Airstrike                Air            0%         2d(0-16)  100%        4
 Dispel Undead            Necr           0%         3d6       100%        4
 Sticky Flame             Conj/Fire      0%         2d3       100%        4
 Blade Hands              Tmut           0%         N/A       100%        5
 Metabolic Englaciation   Hex/Ice        0%         N/A       100%        5
 Simulacrum               Ice/Necr       0%         N/A       100%        6
 Malign Gateway           Summ/Tloc      0%         N/A       100%        7
 Ignition                 Fire           0%         3d3       100%        8
 Lehudib's Crystal Spear  Conj/Erth      0%         10d2      100%        8
 Summon Horrible Things   Summ           0%         N/A       100%        8
 Fire Storm               Conj/Fire      0%         5d1       100%        9


Dungeon Overview and Level Annotations

Branches:
Dungeon (11/15)            Temple (1/1) D:7            Lair (0/5) D:10
    Orc (0/2) D:10

Altars:
Ashenzari
Cheibriados
Dithmenos
Elyvilon
Fedhas
Gozag
Hepliaklqana
Kikubaaqudgha
Makhleb
Nemelex Xobeh
Okawaru
Qazlal
Ru
Sif Muna
Trog
Uskayaw
Vehumet
Wu Jian
Xom
Yredelemnul
Zin
The Shining One

Annotations:
D:7 2 transporters


Innate Abilities, Weirdness & Mutations

You are too large for most types of armour.
You have claws for hands.
Your natural rate of healing is unusually fast.
You are covered in fur. (AC +1)
You have tough skin. (AC +1)


Message History

You block the basilisk's attack.
You mangle the basilisk!!
You kill the basilisk!
The Council accepts your kill.
A white ugly thing comes into view.
The white ugly thing gurgles horribly!
A white ugly thing is nearby!
A white ugly thing is nearby!
A white ugly thing is nearby!
A white ugly thing is nearby!
You scratch the white ugly thing.
The white ugly thing is lightly wounded.
The white ugly thing kicks you. The white ugly thing freezes you!!!
You feel a terrible chill!
You are too injured to fight recklessly!
You are too injured to fight recklessly!
You are too injured to fight recklessly!
You are too injured to fight recklessly!
You closely miss the white ugly thing.
The white ugly thing is lightly wounded.
You block the white ugly thing's attack.
You barely miss the white ugly thing.
The white ugly thing is lightly wounded.
You completely miss the white ugly thing.
The white ugly thing is lightly wounded.
The white ugly thing kicks you but does no damage.
You mangle the white ugly thing!!
The white ugly thing is heavily wounded.
The white ugly thing kicks you but does no damage.
You scratch the white ugly thing.
The white ugly thing is heavily wounded.
The white ugly thing kicks you. The white ugly thing freezes you!!!
You feel a terrible chill!
* * * LOW HITPOINT WARNING * * *
You scratch the white ugly thing.
The white ugly thing is heavily wounded.
The white ugly thing kicks you!
* * * LOW HITPOINT WARNING * * *
The white ugly thing freezes you!!
You feel a terrible chill!
You die...

##.... ##...#.
#....#. ###....
#########...
#######..#........
#.................
#.##########......
#@# #...... #u+
#...... #.#
#...... ..#
#...... ..#
#.#.... ##.#
#.#..## #.#
+.#..## #.#
#......
#####......


You could see a white ugly thing.

Vanquished Creatures
  Erolcha (D:11)
  A centaur warrior (D:10)
  A two-headed ogre (D:8)
  A boulder beetle (D:11)
  Amaemon (D:9)
  Pikel (D:5)
  An ugly thing (D:11)
  Maurice (D:9)
  An orange demon (D:9)
  Maggie (D:6)
  A komodo dragon (D:11)
  2 kobold demonologists
  2 trolls
  Grinder (D:6)
  2 hornets
  2 shadows (D:10)
  2 wraiths
  Eustachio (D:6)
  2 yaks (D:10)
  3 steam dragons
  A basilisk (D:11)
  An acid dragon (D:9)
  6 water moccasins
  2 ice beasts
  7 orc warriors
  A sky beast (D:8)
  3 phantoms
  3 centaurs
  2 lemures (D:5)
  6 kobold brigands
  7 bullfrogs
  A wyvern zombie (D:6)
  A scorpion (D:7)
  2 necrophages (D:6)
  10 wights
  2 troll zombies (D:10)
  A killer bee (D:9)
  A crimson imp (D:6)
  3 bullfrog zombies (D:6)
  A jelly (D:5)
  A human zombie (D:6)
  4 hounds
  5 orc priests
  4 iguanas
  3 sleepcaps
  9 orc wizards
  Terence (D:3)
  A killer bee zombie (D:6)
  6 ogre zombies (D:10)
  2 howler monkey zombies (D:6)
  A mummy (D:6)
  3 adders
  A shadow imp (D:6)
  2 white imps
  4 dart slugs
  3 worms
  55 orcs
  7 bats
  8 endoplasms
  A giant cockroach (D:1)
  10 goblins
  4 hobgoblins
  2 jackals (D:1)
  6 quokkas
  4 ball pythons
  4 frilled lizards
  A goblin skeleton (D:10)
  4 goblin zombies (D:10)
  A hobgoblin zombie (D:10)
  22 kobolds
  2 orc skeletons (D:10)
  17 orc zombies (D:10)
  2 rats (D:1)
289 creatures vanquished.

Notes
Turn   | Place    | Note
-------+----------+-------------------------------------------
     0 | D:1      | Cheops the Troll Fighter began the quest for the Orb.
     0 | D:1      | Reached XP level 1. HP: 22/22 MP: 0/0
   174 | D:1      | Reached XP level 2. HP: 29/29 MP: 1/1
   247 | D:1      | Reached skill level 3 in Unarmed Combat
   542 | D:1      | Reached XP level 3. HP: 36/36 MP: 2/2
   837 | D:2      | Found the amulet of Elemental Vulnerability {rPois rF--
                  | rC-- AC+8}
  1011 | D:2      | Reached skill level 4 in Unarmed Combat
  1783 | D:3      | Noticed Terence
  1793 | D:3      | Killed Terence
  1794 | D:3      | Reached XP level 4. HP: 40/44 MP: 3/3
  1833 | D:3      | Reached skill level 5 in Unarmed Combat
  1937 | D:3      | Reached XP level 5. HP: 50/50 MP: 4/4
  2334 | D:3      | Found a bloodstained altar of Trog.
  2578 | D:3      | Reached skill level 6 in Unarmed Combat
  2625 | D:4      | Noticed a centaur
  2633 | D:4      | Killed a centaur
  2634 | D:4      | Reached XP level 6. HP: 35/59 MP: 5/5
  2865 | D:4      | Reached skill level 7 in Unarmed Combat
  3097 | D:5      | Entered Level 5 of the Dungeon
  3240 | D:5      | Noticed a water moccasin
  3251 | D:5      | Killed a water moccasin
  3252 | D:5      | Reached XP level 7. HP: 59/66 MP: 6/6
  3283 | D:5      | Reached skill level 8 in Unarmed Combat
  3337 | D:5      | Noticed a wraith
  3345 | D:5      | Killed a wraith
  3419 | D:5      | Noticed Pikel
  3501 | D:5      | Killed Pikel
  3502 | D:5      | Reached skill level 9 in Unarmed Combat
  3502 | D:5      | Reached XP level 8. HP: 71/76 MP: 7/7
  3762 | D:6      | Noticed Grinder
  3851 | D:6      | Noticed Maggie
  3875 | D:6      | Killed Maggie
  3876 | D:6      | Reached skill level 10 in Unarmed Combat
  3893 | D:6      | Noticed Eustachio
  3900 | D:6      | Killed Eustachio
  3901 | D:6      | Reached XP level 9. HP: 85/85 MP: 8/8
  3906 | D:6      | Reached skill level 5 in Shields
  3907 | D:6      | Noticed a kobold demonologist
  3913 | D:6      | Killed a kobold demonologist
  3924 | D:6      | Found a basalt altar of Yredelemnul.
  3977 | D:6      | Reached skill level 5 in Fighting
  4000 | D:6      | Reached skill level 11 in Unarmed Combat
  4095 | D:6      | Killed Grinder
  4158 | D:6      | Got Sif Muna's Atlas of Conflict
  4206 | D:6      | Found a shimmering altar of Xom.
  4240 | D:6      | Found a faded altar of an unknown god.
  4241 | D:6      | Found a hazy altar of Hepliaklqana.
  4414 | D:6      | Found an opulent altar of Gozag.
  4553 | D:6      | Found a burning altar of Makhleb.
  4778 | D:7      | Found a staircase to the Ecumenical Temple.
  4798 | Temple   | Entered the Ecumenical Temple
  5073 | D:7      | Found a transporter.
  5073 | D:7      | Noticed a cyclops
  5074 | D:7      | Found a transporter.
  5080 | D:7      | Reached XP level 10. HP: 97/97 MP: 9/9
  5090 | D:7      | Found a sacrificial altar of Ru.
  5716 | D:8      | Reached skill level 12 in Unarmed Combat
  5962 | D:8      | Noticed a two-headed ogre
  5968 | D:8      | Killed a two-headed ogre
  6428 | D:9      | Found a white marble altar of Elyvilon.
  6431 | D:9      | Noticed an orange demon
  6448 | D:9      | Noticed Amaemon
  6451 | D:9      | Killed an orange demon
  6473 | D:9      | Killed Amaemon
  6474 | D:9      | Reached skill level 13 in Unarmed Combat
  6818 | D:9      | Found a radiant altar of Vehumet.
  6947 | D:9      | Noticed Maurice
  6962 | D:9      | Killed Maurice
  6963 | D:9      | Reached XP level 11. HP: 93/107 MP: 10/10
  6993 | D:9      | Found a glowing silver altar of Zin.
  6993 | D:9      | Noticed an angel
  7090 | D:9      | Found a sparkling altar of Nemelex Xobeh.
  7093 | D:9      | Found a glowing golden altar of the Shining One.
  7097 | D:9      | Found a blossoming altar of Fedhas.
  7302 | D:10     | Entered Level 10 of the Dungeon
  7302 | D:10     | Noticed a centaur warrior
  7309 | D:10     | Killed a centaur warrior
  7392 | D:10     | Found an iron altar of Okawaru.
  7397 | D:10     | Identified the +4 mace of Evoepuqe {freeze, rElec rF+
                  | Int+4}
  7463 | D:10     | Found a staircase to the Orcish Mines.
  7648 | D:10     | Found an ornate altar of the Wu Jian Council.
  7944 | D:10     | Found a staircase to the Lair.
  7986 | D:10     | Reached skill level 14 in Unarmed Combat
  8088 | D:10     | Found a snail-covered altar of Cheibriados.
  8207 | D:10     | Became a worshipper of the Wu Jian Council
  8297 | D:11     | Noticed a boulder beetle
  8298 | D:11     | Noticed Erolcha
  8310 | D:11     | Killed Erolcha
  8313 | D:11     | Killed a boulder beetle
  8373 | D:11     | Noticed a brown ugly thing
  8381 | D:11     | Killed a brown ugly thing
  8524 | D:11     | Noticed a white ugly thing
  8533 | D:11     | Mangled by a white ugly thing

Illustrated notes

Levels and vault maps discovered:
D:1:      amcnicky_arrival_choice, layout_loops_ring
D:2:      layout_basic
D:3:      layout_loops_corners, amcnicky_altar_gilded, uniq_terence
D:4:      layout_cave_pools
D:5:      layout_cave_pools, uniq_pikel
D:6:      layout_cave_pools, grunt_temple_overflow_champion_of_chaos,
          beargit_hepliaklqana_dungeon_heroes, marbit_many_paths,
          lemuel_mausoleum_altar_yredelemnul, uniq_grinder, uniq_maggie,
          uniq_eustachio
D:7:      layout_basic, gammafunk_temple_overflow_arena,
          minmay_temple_entry_waves, kennysheep_decorative_pillar,
          kennysheep_minor_cross
D:8:      layout_loops_cross, kennysheep_generic_room_16
D:9:      layout_loops_ring, mainiacjoe_overflow_boulevard,
          mainiacjoe_overflow_paths, zin_angel, grunt_temple_overflow_diamond,
          minmay_diced_spiral, uniq_maurice, uniq_amaemon
D:10:     layout_long_grid, mainiacjoe_overflow_chevrons,
          okawaru_ov_weapons_minmay, mainiacjoe_overflow_alcove_2,
          due_lair_maze_entry_diamond, zombieorc2_lemuel,
          hangedman_decor_riveting, minmay_crystal_water
D:11:     layout_cave_pools, minivault_25_ag, hangedman_abyss_or_decor_stabs,
          uniq_erolcha
Temple:   hellmonk_temple_flake

Skill      XL: |  1  2  3  4  5  6  7  8  9 10 11 |
---------------+----------------------------------+-----
Unarmed Combat | 3 4 5 6 7 9 10 11 13 14 | 14.5
Shields        | 4 6 7 8 |  8.5
Fighting       | 3 4 5 6 7 |  7.8
Dodging        | |  2.4

Action                     |  1- 3 |  4- 6 |  7- 9 | 10-12 || total
---------------------------+-------+-------+-------+-------++-------
  Melee: Unarmed           |   124 |   122 |   236 |   403 ||   885
Ability: Lunge             |       |       |       |     2 ||     2
    Use: Scroll            |       |     6 |     2 |     5 ||    13
         Potion            |       |       |     1 |       ||     1
   Stab: Sleeping          |     2 |     1 |       |       ||     3
 Armour: Robe              |    38 |    44 |    14 |       ||    96
         Steam dragon scal |       |       |    77 |   149 ||   226
  Dodge: Dodged            |    37 |    26 |    61 |   109 ||   233
  Block: Kite shield       |    52 |    23 |    80 |   159 ||   314
